General information
- name: BNet
- type: Ladder team game (AT/RT)
- host: Battle.net
- saver: MerryXmas
map: TwilightRuins
- players: 8
- length: 50:45
- speed: Fast
- version: 1.26 W3XP
- replay type: Public
» download(393 KB)
Players
team 1 (loser)
TimeWindow (
yellow | 132 APM | 5986 actions | 45:30)
5 Archmage
3 Summon Water Elemental
2 Brilliance Aura
3 Mountain King
2 Storm Bolt
1 Thunder Clap
» actions
| Assign group hotkey | 52 | |
| Basic commands | 259 | |
| Build / train | 265 | |
| ESC pressed | 4 | |
| Enter build submenu | 60 | |
| Enter hero's abilities submenu | 8 | |
| Give item / drop item | 1 | |
| Right click | 2329 | |
| Select / deselect | 1131 | |
| Select group hotkey | 1397 | |
| Use ability | 477 | |
5986 total
» units
| Peasant | 26 | |
| Footman | 9 | |
| Priest | 4 | |
| Sorceress | 11 | |
| Goblin Shredder | 5 | |
| Dragonhawk Rider | 11 | |
66 total
» upgrades
| Defend | 1 | |
| Masonry | 3 | |
| Magic Sentry | 1 | |
| Lumber Harvesting | 2 | |
| Priest Training | 2 | |
| Swords | 3 | |
| Armor | 2 | |
| Animal War Training | 1 | |
| Cloud | 1 | |
| Sorceress Training | 1 | |
| Storm Hammers | 1 | |
18 total
» buildings
| Farm | 15 | |
| Altar of Kings | 1 | |
| Barracks | 3 | |
| Lumber Mill | 2 | |
| Scout Tower | 55 | |
| Arcane Tower | 10 | |
| Keep | 3 | |
| Guard Tower | 93 | |
| Arcane Vault | 1 | |
| Blacksmith | 2 | |
| Arcane Sanctum | 2 | |
| Castle | 3 | |
| Town Hall | 2 | |
| Gryphon Aviary | 4 | |
196 total
» build order
00:08 Farm
00:11 Altar of Kings
00:44 Barracks
01:01 Farm
01:25 Lumber Mill
01:47 Farm
02:25 Scout Tower
03:08 Arcane Tower
03:08 Arcane Tower
03:08 Arcane Tower
04:08 Scout Tower
04:37 Keep
04:37 Keep
04:38 Guard Tower
04:38 Guard Tower
04:38 Guard Tower
04:38 Guard Tower
05:17 Farm
05:46 Arcane Vault
06:23 Farm
06:28 Blacksmith
07:24 Arcane Sanctum
07:29 Arcane Sanctum
07:42 Castle
07:42 Castle
07:42 Castle
07:43 Farm
07:45 Farm
09:05 Arcane Tower
09:05 Arcane Tower
09:05 Arcane Tower
09:06 Arcane Tower
09:12 Guard Tower
09:12 Guard Tower
09:12 Guard Tower
09:12 Guard Tower
09:22 Scout Tower
09:25 Scout Tower
10:01 Guard Tower
10:01 Guard Tower
10:01 Guard Tower
10:01 Guard Tower
10:22 Guard Tower
10:23 Guard Tower
10:34 Scout Tower
11:53 Town Hall
12:05 Guard Tower
12:53 Scout Tower
13:18 Scout Tower
13:22 Farm
13:22 Farm
13:37 Guard Tower
13:37 Guard Tower
13:37 Guard Tower
13:37 Guard Tower
13:44 Guard Tower
13:44 Guard Tower
13:44 Guard Tower
13:45 Guard Tower
13:58 Guard Tower
13:58 Guard Tower
13:58 Guard Tower
13:59 Guard Tower
14:02 Lumber Mill
14:13 Guard Tower
14:13 Guard Tower
14:13 Guard Tower
14:25 Farm
14:26 Farm
14:27 Scout Tower
14:28 Scout Tower
16:29 Gryphon Aviary
16:29 Gryphon Aviary
16:30 Gryphon Aviary
16:33 Guard Tower
16:33 Guard Tower
16:35 Scout Tower
16:35 Farm
16:48 Gryphon Aviary
16:55 Blacksmith
18:17 Guard Tower
18:18 Scout Tower
19:28 Farm
19:29 Farm
19:29 Farm
23:28 Scout Tower
23:29 Scout Tower
23:29 Scout Tower
23:29 Scout Tower
23:33 Scout Tower
24:00 Guard Tower
24:00 Guard Tower
24:01 Scout Tower
25:03 Guard Tower
25:03 Guard Tower
25:38 Scout Tower
25:38 Scout Tower
25:38 Scout Tower
25:39 Scout Tower
25:39 Scout Tower
25:40 Scout Tower
25:40 Scout Tower
25:40 Scout Tower
25:41 Scout Tower
26:27 Guard Tower
26:27 Guard Tower
34:32 Scout Tower
34:32 Scout Tower
34:32 Scout Tower
34:33 Scout Tower
34:33 Scout Tower
34:33 Scout Tower
34:33 Scout Tower
34:34 Scout Tower
34:35 Scout Tower
35:00 Guard Tower
35:00 Guard Tower
35:01 Guard Tower
35:05 Guard Tower
35:05 Guard Tower
35:09 Scout Tower
35:09 Scout Tower
35:10 Scout Tower
35:10 Scout Tower
35:11 Scout Tower
35:11 Scout Tower
35:13 Scout Tower
35:14 Scout Tower
35:15 Scout Tower
35:23 Guard Tower
35:23 Guard Tower
35:23 Guard Tower
35:27 Town Hall
35:42 Guard Tower
35:42 Guard Tower
35:42 Guard Tower
35:42 Guard Tower
35:43 Guard Tower
35:44 Guard Tower
35:44 Guard Tower
35:44 Guard Tower
35:48 Scout Tower
35:48 Scout Tower
35:49 Scout Tower
35:52 Scout Tower
35:54 Guard Tower
35:54 Guard Tower
35:54 Guard Tower
36:10 Scout Tower
36:10 Scout Tower
36:22 Guard Tower
36:22 Guard Tower
36:22 Guard Tower
36:37 Guard Tower
36:37 Guard Tower
36:37 Guard Tower
37:24 Scout Tower
37:25 Scout Tower
37:26 Scout Tower
37:29 Barracks
37:34 Barracks
37:36 Scout Tower
» items
| Ivory Tower | 9 | |
| Staff of Sanctuary | 1 | |
| Potion of Healing | 1 | |
| Scroll of Healing | 1 | |
| Scroll of Protection | 1 | |
| Potion of Lesser Invulnerability | 1 | |
| Scroll of Town Portal | 4 | |
| Orb of Corruption | 1 | |
19 total

»
hero.sniper (
red | 63 APM | 2885 actions | 45:42)
6 Death Knight
3 Death Coil
2 Unholy Aura
1 Animate Dead
5 Lich
3 Frost Nova
2 Frost Armor
5 Crypt Lord
3 Impale
2 Spiked Carapace
» actions
| Assign group hotkey | 25 | |
| Basic commands | 73 | |
| Build / train | 132 | |
| Enter build submenu | 67 | |
| Enter hero's abilities submenu | 17 | |
| Give item / drop item | 9 | |
| Remove unit from queue | 5 | |
| Right click | 870 | |
| Select / deselect | 654 | |
| Select group hotkey | 830 | |
| Use ability | 203 | |
2885 total
» units
| Acolyte | 27 | |
| Ghoul | 3 | |
| Crypt Fiend | 16 | |
| Goblin Sapper | 3 | |
49 total
» upgrades
| Creature Attack | 3 | |
| Web | 1 | |
| Creature Carapace | 3 | |
7 total
» buildings
| Ziggurat | 44 | |
| Crypt | 2 | |
| Altar of Darkness | 1 | |
| Graveyard | 1 | |
| Tomb of Relics | 4 | |
| Nerubian Tower | 6 | |
| Halls of the Dead | 2 | |
| Black Citadel | 1 | |
| Spirit Tower | 13 | |
| Necropolis | 7 | |
| Sacrificial Pit | 1 | |
82 total
» build order
00:10 Ziggurat
00:15 Crypt
00:36 Altar of Darkness
01:15 Graveyard
01:36 Tomb of Relics
01:42 Ziggurat
02:05 Nerubian Tower
02:05 Nerubian Tower
03:03 Halls of the Dead
03:49 Ziggurat
04:37 Nerubian Tower
05:27 Black Citadel
08:11 Ziggurat
11:15 Ziggurat
11:16 Ziggurat
11:17 Ziggurat
12:08 Spirit Tower
12:09 Ziggurat
12:10 Ziggurat
12:16 Spirit Tower
12:30 Necropolis
12:31 Tomb of Relics
12:32 Ziggurat
12:44 Spirit Tower
13:25 Nerubian Tower
13:26 Spirit Tower
14:00 Spirit Tower
14:05 Sacrificial Pit
14:07 Ziggurat
16:03 Crypt
16:19 Spirit Tower
17:39 Spirit Tower
24:50 Necropolis
29:56 Necropolis
29:59 Ziggurat
30:00 Ziggurat
30:01 Ziggurat
30:02 Ziggurat
30:03 Ziggurat
30:04 Ziggurat
30:07 Tomb of Relics
30:53 Spirit Tower
30:54 Spirit Tower
30:57 Spirit Tower
31:00 Spirit Tower
31:08 Nerubian Tower
31:08 Nerubian Tower
32:10 Halls of the Dead
32:12 Tomb of Relics
32:14 Ziggurat
32:16 Spirit Tower
34:40 Spirit Tower
34:43 Necropolis
34:44 Ziggurat
34:45 Ziggurat
37:51 Ziggurat
37:51 Ziggurat
37:53 Ziggurat
37:53 Ziggurat
37:55 Ziggurat
37:56 Ziggurat
38:02 Ziggurat
38:03 Ziggurat
38:04 Ziggurat
38:05 Ziggurat
38:07 Ziggurat
38:08 Ziggurat
38:11 Ziggurat
38:12 Ziggurat
38:14 Ziggurat
38:16 Ziggurat
38:17 Ziggurat
38:20 Necropolis
42:39 Necropolis
44:56 Ziggurat
44:57 Ziggurat
44:59 Ziggurat
45:00 Ziggurat
45:01 Ziggurat
45:05 Necropolis
45:19 Ziggurat
45:20 Ziggurat
» items
| Rod of Necromancy | 3 | |
| Gloves of Haste | 1 | |
| Orb of Corruption | 1 | |
| Potion of Lesser Invulnerability | 2 | |
| Circlet of Nobility | 2 | |
| Periapt of Vitality | 4 | |
| Dust of Appearance | 1 | |
| Potion of Healing | 3 | |
| Ring of Protection +3 | 1 | |
| Ring of Protection +2 | 1 | |
| Potion of Invisibility | 3 | |
| Scroll of Town Portal | 7 | |
| Sentry Wards | 3 | |
| Potion of Mana | 1 | |
33 total
MerryXmas (
green | 88 APM | 4474 actions | 50:45)
9 Blademaster
3 Wind Walk
3 Critical Strike
1 Bladestorm
2 Mirror Image
» actions
| Assign group hotkey | 96 | |
| Basic commands | 41 | |
| Build / train | 123 | |
| ESC pressed | 18 | |
| Enter build submenu | 61 | |
| Enter hero's abilities submenu | 9 | |
| Give item / drop item | 40 | |
| Right click | 2379 | |
| Select / deselect | 404 | |
| Select group hotkey | 943 | |
| Use ability | 360 | |
4474 total
» units
| Peon | 12 | |
| Grunt | 8 | |
| Goblin Shredder | 1 | |
| Goblin Sapper | 3 | |
| Wind Rider | 5 | |
| Goblin Zeppelin | 1 | |
| Troll Headhunter/Berserker | 1 | |
31 total
» upgrades
| Armor | 3 | |
| Berserker Strength | 1 | |
| Pillage | 1 | |
| Melee Weapons | 4 | |
| Reinforced Defenses | 1 | |
| Ranged Weapons | 3 | |
| Envenomed Spears | 1 | |
| Troll Regeneration | 1 | |
| Liquid Fire | 1 | |
| Spiked Barricades | 3 | |
| Berserker Upgrade | 1 | |
20 total
» buildings
| Orc Burrow | 8 | |
| Altar of Storms | 1 | |
| Barracks | 4 | |
| Voodoo Lounge | 7 | |
| War Mill | 1 | |
| Stronghold | 2 | |
| Great Hall | 2 | |
| Watch Tower | 34 | |
| Fortress | 4 | |
| Beastiary | 4 | |
67 total
» build order
00:12 Orc Burrow
00:54 Altar of Storms
00:56 Barracks
01:37 Orc Burrow
02:07 Voodoo Lounge
02:15 War Mill
02:58 Orc Burrow
03:53 Stronghold
04:43 Great Hall
04:52 Watch Tower
05:03 Watch Tower
05:59 Watch Tower
06:27 Watch Tower
06:32 Watch Tower
07:19 Watch Tower
07:25 Watch Tower
08:17 Watch Tower
08:19 Watch Tower
08:59 Watch Tower
09:02 Watch Tower
09:38 Fortress
09:38 Fortress
09:39 Fortress
10:55 Watch Tower
11:02 Watch Tower
12:13 Watch Tower
13:26 Beastiary
13:28 Beastiary
13:30 Beastiary
13:34 Beastiary
14:34 Orc Burrow
16:43 Watch Tower
16:44 Watch Tower
16:45 Watch Tower
17:05 Watch Tower
18:47 Voodoo Lounge
18:58 Voodoo Lounge
19:53 Watch Tower
19:54 Watch Tower
19:56 Watch Tower
20:01 Watch Tower
20:06 Watch Tower
21:14 Orc Burrow
21:16 Orc Burrow
21:20 Orc Burrow
21:25 Orc Burrow
22:20 Voodoo Lounge
24:53 Voodoo Lounge
29:24 Watch Tower
31:16 Voodoo Lounge
39:37 Voodoo Lounge
41:03 Great Hall
41:07 Watch Tower
41:07 Watch Tower
41:08 Watch Tower
41:09 Watch Tower
41:15 Watch Tower
41:16 Watch Tower
41:18 Watch Tower
41:19 Watch Tower
41:20 Watch Tower
41:21 Watch Tower
47:03 Barracks
47:08 Barracks
47:10 Barracks
» items
| Healing Salve | 10 | |
| Lesser Clarity Potion | 17 | |
| Boots of Speed | 1 | |
| Claws of Attack +6 | 1 | |
| Scroll of Town Portal | 1 | |
| Orb of Lightning | 1 | |
| Claws of Attack +9 | 1 | |
| Potion of Mana | 7 | |
| Mana Stone | 1 | |
| Scroll of Healing | 2 | |
| Potion of Invisibility | 1 | |
| Potion of Healing | 1 | |
| Replenishment Potion | 1 | |
| Healing Wards | 1 | |
46 total
d5auto (
blue | 34 APM | 1029 actions | 30:04)
3 Blademaster
1 Wind Walk
2 Critical Strike
3 Shadow Hunter
2 Healing Wave
1 Serpent Ward
» actions
| Basic commands | 12 | |
| Build / train | 96 | |
| Enter build submenu | 36 | |
| Enter hero's abilities submenu | 6 | |
| Give item / drop item | 10 | |
| Right click | 355 | |
| Select / deselect | 430 | |
| Use ability | 84 | |
1029 total
» units
| Peon | 16 | |
| Troll Headhunter/Berserker | 5 | |
| Wind Rider | 15 | |
| Goblin Shredder | 1 | |
| Troll Witch Doctor | 4 | |
| Shaman | 8 | |
| Troll Batrider | 9 | |
58 total
» upgrades
| Spiked Barricades | 3 | |
| Ranged Weapons | 3 | |
| Shaman Training | 2 | |
| Armor | 3 | |
| Envenomed Spears | 1 | |
| Reinforced Defenses | 1 | |
| Liquid Fire | 1 | |
14 total
» buildings
| Orc Burrow | 8 | |
| Altar of Storms | 1 | |
| War Mill | 1 | |
| Barracks | 1 | |
| Voodoo Lounge | 1 | |
| Stronghold | 1 | |
| Watch Tower | 16 | |
| Great Hall | 2 | |
| Spirit Lodge | 1 | |
| Beastiary | 2 | |
| Fortress | 1 | |
35 total
» build order
00:12 Orc Burrow
00:22 Altar of Storms
01:02 War Mill
01:09 Barracks
01:59 Orc Burrow
02:41 Voodoo Lounge
03:54 Stronghold
04:04 Watch Tower
04:11 Watch Tower
05:19 Great Hall
05:37 Watch Tower
06:33 Spirit Lodge
07:02 Great Hall
07:33 Orc Burrow
07:43 Orc Burrow
08:03 Beastiary
08:08 Watch Tower
08:46 Orc Burrow
09:34 Watch Tower
09:42 Watch Tower
09:46 Watch Tower
10:20 Orc Burrow
10:39 Watch Tower
11:06 Fortress
12:18 Watch Tower
12:26 Watch Tower
14:04 Watch Tower
14:29 Watch Tower
14:38 Beastiary
17:16 Watch Tower
18:00 Watch Tower
18:07 Orc Burrow
20:44 Watch Tower
21:00 Orc Burrow
23:20 Watch Tower
» items
| Healing Salve | 2 | |
| Lesser Clarity Potion | 4 | |
| Potion of Healing | 4 | |
| Orb of Lightning | 2 | |
| Potion of Mana | 1 | |
| Scroll of Town Portal | 1 | |
14 total
team 2 (winner)

»
lok0_0 (
purple | 119 APM | 5722 actions | 47:55)
8 Blademaster
1 Wind Walk
3 Critical Strike
3 Mirror Image
1 Bladestorm
7 Shadow Hunter
3 Healing Wave
3 Hex
1 Big Bad Voodoo
» actions
| Assign group hotkey | 28 | |
| Basic commands | 169 | |
| Build / train | 91 | |
| Enter build submenu | 30 | |
| Enter hero's abilities submenu | 15 | |
| Give item / drop item | 10 | |
| Remove unit from queue | 4 | |
| Right click | 2178 | |
| Select / deselect | 681 | |
| Select group hotkey | 2283 | |
| Use ability | 233 | |
5722 total
» units
| Peon | 16 | |
| Shaman | 8 | |
| Troll Witch Doctor | 12 | |
| Wind Rider | 7 | |
43 total
» upgrades
| Spiked Barricades | 2 | |
| Shaman Training | 2 | |
| Witch Doctor Training | 2 | |
| Envenomed Spears | 1 | |
| Reinforced Defenses | 1 | |
| Armor | 4 | |
| Ranged Weapons | 2 | |
14 total
» buildings
| Orc Burrow | 8 | |
| Altar of Storms | 1 | |
| War Mill | 1 | |
| Voodoo Lounge | 1 | |
| Watch Tower | 12 | |
| Stronghold | 1 | |
| Fortress | 1 | |
| Spirit Lodge | 2 | |
| Great Hall | 2 | |
| Beastiary | 2 | |
31 total
» build order
00:32 Orc Burrow
00:48 Altar of Storms
01:03 War Mill
01:22 Voodoo Lounge
02:30 Watch Tower
02:51 Stronghold
03:07 Watch Tower
03:56 Orc Burrow
04:10 Watch Tower
04:13 Orc Burrow
04:20 Watch Tower
04:41 Orc Burrow
05:14 Fortress
05:40 Spirit Lodge
05:51 Spirit Lodge
07:19 Great Hall
07:30 Orc Burrow
07:32 Orc Burrow
09:41 Beastiary
09:47 Beastiary
12:12 Orc Burrow
13:28 Orc Burrow
18:49 Watch Tower
18:52 Watch Tower
18:56 Watch Tower
18:58 Watch Tower
19:00 Watch Tower
19:04 Watch Tower
19:06 Watch Tower
19:08 Watch Tower
23:44 Great Hall
» items
| Healing Salve | 2 | |
| Boots of Speed | 2 | |
| Lesser Clarity Potion | 2 | |
| Orb of Lightning | 1 | |
| Scroll of Town Portal | 4 | |
| Circlet of Nobility | 1 | |
12 total

»
Wind85 (
pink | 89 APM | 1158 actions | 12:58)
2 Blademaster
1 Wind Walk
1 Critical Strike
» actions
| Assign group hotkey | 10 | |
| Basic commands | 33 | |
| Build / train | 31 | |
| ESC pressed | 1 | |
| Enter build submenu | 14 | |
| Enter hero's abilities submenu | 2 | |
| Right click | 561 | |
| Select / deselect | 109 | |
| Select group hotkey | 346 | |
| Use ability | 51 | |
1158 total
» units
» upgrades
| Ensnare | 1 | |
| Melee Weapons | 1 | |
| Pillage | 1 | |
3 total
» buildings
| Altar of Storms | 1 | |
| Orc Burrow | 7 | |
| Barracks | 1 | |
| War Mill | 1 | |
| Stronghold | 1 | |
| Beastiary | 2 | |
13 total
» build order
00:05 Altar of Storms
00:07 Orc Burrow
00:57 Barracks
01:36 Orc Burrow
01:45 War Mill
03:30 Stronghold
05:58 Beastiary
05:59 Beastiary
06:41 Orc Burrow
06:43 Orc Burrow
08:56 Orc Burrow
12:06 Orc Burrow
12:08 Orc Burrow
» items
| Scroll of Speed | 1 | |
| Lesser Clarity Potion | 1 | |
| Circlet of Nobility | 2 | |
| Boots of Speed | 1 | |
| Staff of Teleportation | 1 | |
| Healing Salve | 1 | |
7 total
iamnoobkillme (
orange | 76 APM | 3709 actions | 48:36)
9 Blademaster
3 Wind Walk
3 Critical Strike
2 Bladestorm
1 Mirror Image
» actions
| Assign group hotkey | 41 | |
| Basic commands | 9 | |
| Build / train | 138 | |
| Enter build submenu | 70 | |
| Enter hero's abilities submenu | 11 | |
| Give item / drop item | 6 | |
| Remove unit from queue | 1 | |
| Right click | 1769 | |
| Select / deselect | 706 | |
| Select group hotkey | 724 | |
| Use ability | 234 | |
3709 total
» units
| Peon | 31 | |
| Goblin Shredder | 2 | |
| Goblin Zeppelin | 1 | |
| Troll Batrider | 34 | |
| Wind Rider | 4 | |
72 total
» upgrades
| Spiked Barricades | 4 | |
| Reinforced Defenses | 2 | |
| Pillage | 1 | |
| Backpack | 1 | |
| Liquid Fire | 2 | |
| Ensnare | 1 | |
| Ranged Weapons | 5 | |
| Burning Oil | 1 | |
| Envenomed Spears | 2 | |
| War Drums Damage Increase | 2 | |
| Armor | 1 | |
22 total
» buildings
| Altar of Storms | 1 | |
| Orc Burrow | 15 | |
| Voodoo Lounge | 4 | |
| War Mill | 2 | |
| Stronghold | 1 | |
| Watch Tower | 35 | |
| Fortress | 2 | |
| Great Hall | 5 | |
| Beastiary | 3 | |
| Barracks | 1 | |
69 total
» build order
00:10 Altar of Storms
00:18 Orc Burrow
01:05 Voodoo Lounge
01:28 War Mill
01:49 Orc Burrow
02:46 Orc Burrow
03:05 Stronghold
03:50 Orc Burrow
04:08 Watch Tower
04:15 Watch Tower
05:33 Fortress
05:46 Great Hall
06:13 Orc Burrow
06:33 Beastiary
06:49 Beastiary
07:36 Watch Tower
08:20 Beastiary
08:52 Watch Tower
09:28 Orc Burrow
10:15 Barracks
10:22 Voodoo Lounge
10:32 Watch Tower
10:34 Watch Tower
10:35 Watch Tower
11:18 Watch Tower
11:19 Watch Tower
11:27 Watch Tower
11:40 Watch Tower
12:15 Watch Tower
13:09 Orc Burrow
13:12 Watch Tower
13:18 Watch Tower
13:19 Fortress
13:22 Orc Burrow
13:27 Orc Burrow
13:37 Voodoo Lounge
13:49 Watch Tower
15:05 Watch Tower
15:29 Orc Burrow
16:46 Watch Tower
18:14 Watch Tower
19:01 Orc Burrow
19:24 Watch Tower
19:30 Watch Tower
19:37 Voodoo Lounge
20:34 Orc Burrow
20:44 Orc Burrow
22:28 Watch Tower
22:34 Orc Burrow
23:12 War Mill
24:14 Watch Tower
24:19 Watch Tower
26:21 Great Hall
27:27 Great Hall
27:30 Watch Tower
34:47 Watch Tower
35:20 Great Hall
36:21 Watch Tower
36:35 Watch Tower
36:38 Orc Burrow
36:44 Watch Tower
39:04 Watch Tower
39:05 Watch Tower
39:07 Watch Tower
39:08 Watch Tower
41:25 Watch Tower
41:33 Great Hall
41:37 Watch Tower
41:41 Watch Tower
» items
| Healing Salve | 5 | |
| Lesser Clarity Potion | 4 | |
| Scroll of Speed | 1 | |
| Staff of Teleportation | 2 | |
| Boots of Speed | 1 | |
| Scroll of Town Portal | 3 | |
| Potion of Lesser Invulnerability | 2 | |
| Orb of Lightning | 2 | |
| Potion of Healing | 2 | |
| Potion of Mana | 1 | |
| Dust of Appearance | 1 | |
24 total
DLOLAR. (
teal | 72 APM | 3675 actions | 50:45)
6 Blademaster
3 Wind Walk
2 Critical Strike
1 Bladestorm
6 Shadow Hunter
2 Hex
3 Healing Wave
1 Big Bad Voodoo
» actions
| Assign group hotkey | 133 | |
| Basic commands | 10 | |
| Build / train | 80 | |
| Enter build submenu | 26 | |
| Enter hero's abilities submenu | 14 | |
| Give item / drop item | 6 | |
| Right click | 1810 | |
| Select / deselect | 302 | |
| Select group hotkey | 1069 | |
| Use ability | 225 | |
3675 total
» units
| Peon | 10 | |
| Wind Rider | 14 | |
| Goblin Shredder | 1 | |
| Troll Batrider | 4 | |
29 total
» upgrades
| Reinforced Defenses | 1 | |
| Envenomed Spears | 1 | |
| Ranged Weapons | 2 | |
| Armor | 2 | |
| Ensnare | 1 | |
| Liquid Fire | 1 | |
8 total
» buildings
| Altar of Storms | 1 | |
| Orc Burrow | 8 | |
| War Mill | 1 | |
| Voodoo Lounge | 1 | |
| Watch Tower | 42 | |
| Stronghold | 1 | |
| Beastiary | 3 | |
| Fortress | 2 | |
| Great Hall | 1 | |
60 total
» build order
00:08 Altar of Storms
00:21 Orc Burrow
00:40 War Mill
01:06 Voodoo Lounge
01:53 Watch Tower
02:33 Watch Tower
03:29 Stronghold
04:17 Watch Tower
04:17 Watch Tower
04:17 Watch Tower
04:27 Orc Burrow
05:48 Orc Burrow
06:03 Beastiary
07:19 Fortress
07:47 Beastiary
09:12 Orc Burrow
11:52 Watch Tower
11:52 Watch Tower
11:52 Watch Tower
11:53 Watch Tower
11:53 Watch Tower
14:23 Watch Tower
14:23 Watch Tower
14:23 Watch Tower
14:24 Watch Tower
14:26 Watch Tower
14:27 Watch Tower
14:27 Watch Tower
14:27 Watch Tower
18:30 Watch Tower
18:31 Watch Tower
18:31 Watch Tower
18:31 Watch Tower
18:32 Watch Tower
18:48 Orc Burrow
18:49 Orc Burrow
19:41 Watch Tower
19:42 Watch Tower
19:42 Watch Tower
19:43 Watch Tower
19:46 Watch Tower
19:46 Watch Tower
21:32 Beastiary
24:07 Watch Tower
24:08 Watch Tower
24:09 Watch Tower
24:09 Watch Tower
25:58 Watch Tower
25:58 Watch Tower
25:58 Watch Tower
25:59 Watch Tower
25:59 Watch Tower
27:15 Orc Burrow
28:16 Orc Burrow
39:11 Watch Tower
39:11 Watch Tower
41:20 Watch Tower
41:20 Watch Tower
41:24 Great Hall
» items
| Lesser Clarity Potion | 3 | |
| Healing Salve | 2 | |
| Staff of Teleportation | 2 | |
| Boots of Speed | 1 | |
| Tiny Great Hall | 1 | |
| Scroll of Town Portal | 7 | |
| Potion of Lesser Invulnerability | 1 | |
| Scroll of Healing | 1 | |
| Potion of Mana | 2 | |
20 total
Chat log
(03:22 / All) DLOLAR.: yellow ur such a fucking try hard
(05:50 / All) MerryXmas: Dumbass faggot level 1 harasser
(05:54 / All) MerryXmas: you're going to drown in my shit for that
(06:19 / All) MerryXmas: and I'm still higher level than you LOL
(07:53 / All) MerryXmas: dumbass faggot
(08:03 / Allies) hero.sniper: thx
(09:37 / Allies) TimeWindow: lumber
(10:04 / Allies) TimeWindow: need lumber
(10:21 / Allies) TimeWindow: spare lumber please
(10:24 / Allies) MerryXmas: I got none
(12:04 / Allies) hero.sniper: counter
(12:46 / All) MerryXmas: that's what you get for harassing me pink
(17:34 / All) DLOLAR.: faggot
(22:47 / Allies) TimeWindow: wher ot?
(22:50 / Allies) TimeWindow: where to?
(22:58 / Allies) MerryXmas: need cloud
(23:04 / Allies) TimeWindow: 哦看ok'
(23:43 / Allies) hero.sniper: put reveal flag everywhere dude
(23:45 / Allies) hero.sniper: doc
(23:51 / Allies) TimeWindow: gogog
(26:45 / Allies) TimeWindow: recycle
(27:16 / Allies) TimeWindow: green, you have tons of gold...
(27:57 / Allies) MerryXmas: not true
(28:06 / Allies) TimeWindow: 10l
(28:08 / Allies) TimeWindow: 10k
(28:12 / Allies) TimeWindow: you will save the world
(28:22 / Allies) MerryXmas: it might be a lot for people like you
(28:25 / Allies) MerryXmas: but when you are a 1%er like me
(28:28 / Allies) MerryXmas: that's not a lot of gold
(28:52 / All) MerryXmas: Lawl good purp bladestorm
(30:16 / Allies) TimeWindow: what the fuck is green doing
(30:24 / Allies) MerryXmas: I'm playing with just my hero
(31:20 / Allies) hero.sniper: wood me yellow
(39:49 / All) DLOLAR.: u assholes just wont give up lol
(41:18 / Allies) TimeWindow: gold please green
(41:29 / Allies) MerryXmas: Gave you some
(41:34 / Allies) MerryXmas: wtf you have like 2.8k asking me for gold?
(41:36 / Allies) hero.sniper: need too
(41:41 / Allies) MerryXmas: I regret that now
(41:46 / Allies) MerryXmas: help my expo
(41:55 / Allies) TimeWindow: never too much
(42:15 / Allies) MerryXmas: Little bitch going to ask me for gold
(42:18 / Allies) MerryXmas: not help me expo
(42:21 / Allies) MerryXmas: when you already had gold too
(42:32 / Allies) TimeWindow: you haven't given a dime, man
(42:36 / Allies) MerryXmas: I gave you 1k
(42:39 / Allies) MerryXmas: Now I'm giving you a loss instead
(42:41 / Allies) TimeWindow: my bad
(42:51 / Allies) MerryXmas: since you're a fucking little rat
(42:59 / Allies) TimeWindow: ha
(43:35 / Allies) TimeWindow: too late to apologize ha
(43:43 / Allies) MerryXmas: yes, you're dead
(45:08 / Allies) TimeWindow: ha
(45:13 / Allies) MerryXmas: You lose
(45:25 / Allies) TimeWindow: before you
(45:47 / All) MerryXmas: I attacked yellow since the little prick demanded gold, I gave him 1k and he said nothing
(45:53 / All) MerryXmas: and he let my expo die
(45:56 / All) MerryXmas: when I gave his dumbass 1k
(46:05 / All) MerryXmas: He was 50 food hoarding gold too, I didn't notice until I gave him it LOL
(46:08 / All) MerryXmas: He had like 3k
(46:36 / All) DLOLAR.: they prob would have left imediately
(48:13 / All) MerryXmas: lawl he had 4 periapts of vitality on his CL
(48:44 / All) MerryXmas: never seen noobs leave so fast
(48:46 / All) DLOLAR.: pple just leave damn
(48:50 / All) MerryXmas: this game was pretty uneventful even though it was long
(48:53 / All) MerryXmas: did your side have any chat?
(48:55 / All) DLOLAR.: not to me
(49:08 / All) MerryXmas: who loses?
(49:10 / All) MerryXmas: I don't care really
(49:13 / All) DLOLAR.: none at all i was mad we let yellow get an expo, his first one i mean
(49:18 / All) DLOLAR.: lets have ab m battle then decide
(49:37 / All) MerryXmas: mine has way better items for sure
(50:19 / All) DLOLAR.: ow
(50:21 / All) MerryXmas: Raped lol
(50:23 / All) DLOLAR.: i vote ur team
(50:28 / All) DLOLAR.: los
(50:29 / All) MerryXmas: my team lose?
(50:44 / All) MerryXmas: k